 Dungeon Crawl Stone Soup version 0.30-a0-4-ga7cffc901d (webtiles) character file.

Game seed: 14513536206365841320

151763 Sweeb the Cruncher (level 17, -1/136 HPs)
             Began as a Demonspawn Gladiator on Aug 17, 2022.
             Was the Champion of Kikubaaqudgha.
             Slain by a bunyip (20 damage)
             ... on level 2 of the Swamp on Aug 20, 2022.
             The game lasted 01:07:09 (37557 turns).

Sweeb the Cruncher (Demonspawn Gladiator)          Turns: 37557, Time: 01:07:10

Health: -1/136     AC: 23    Str: 15    XL:     17   Next: 1%
Magic:  32/32      EV: 20    Int: 12    God:    Kikubaaqudgha [******]
Gold:   1485       SH:  4    Dex: 25    Spells: 35/39 levels left

rFire   + + .      SeeInvis +    c - +10 quarterstaff of Terra Nullius {vorpal, +Blink rC+++ Int-4 Dex+6}
rCold   + + +      Faith    +    (shield currently unavailable)
rNeg    . . .      Spirit   .    A - +4 leather armour of Demons {Dex+3 Slay+3}
rPois   .          Reflect  .    (helmet unavailable)
rElec   .          Harm     .    (no cloak)
rCorr   +          Rampage  .    f - +1 pair of gloves
Will    +....                    I - +2 pair of boots
Stlth   ++++......               g - amulet of faith
HPRegen 0.32/turn                o - ring of False Pretenses {Fly rF+ rCorr}
MPRegen 0.23/turn                G - +4 ring of protection

@: flying
A: antennae 3, molten scales 2, icemail 1, spiny 3, condensation shield, fire
resistance 1, MP-powered wands
a: Renounce Religion, Evoke Blink, Unearth Wretches, Torment, Brand Weapon With
Pain, Receive Forbidden Knowledge


You were on level 2 of the Swamp.
You worshipped Kikubaaqudgha.
Kikubaaqudgha was exalted by your worship.
You visited 6 branches of the dungeon, and saw 24 of its levels.
You also visited: Bailey and Ice Cave.

You collected 2328 gold pieces.
You spent 843 gold pieces at shops.

Inventory:

Hand Weapons
 a - a +0 quarterstaff
 c - the +10 quarterstaff of Terra Nullius (weapon) {vorpal, +Blink rC+++ Int-4 Dex+6}
   (You bought it in a shop on level 11 of the Dungeon)

   It inflicts extra damage upon your enemies.
   Int:       It affects your intelligence (-4).
   Dex:       It affects your dexterity (+6).
   rC:        It renders you almost immune to cold.
   +Blink:    It lets you blink.
 i - a +0 dagger of electrocution
 w - a +0 quarterstaff
 y - the +1 quarterstaff "Impslayer" {flame, rPois Str-2 Dex+3}
   (You found it on level 3 of the Lair of Beasts)

   It burns those it strikes, dealing additional fire damage.
   Str:       It affects your strength (-2).
   Dex:       It affects your dexterity (+3).
   rPois:     It protects you from poison.
 D - the +8 trident of the Octopus King {venom, rElec rPois}
   (You found it on level 1 of the Lair of Beasts)

   It poisons the flesh of those it strikes.
   rElec:     It insulates you from electricity.
   rPois:     It protects you from poison.
Missiles
 d - 6 throwing nets (quivered)
 e - 13 javelins
 B - 2 silver javelins
Armour
 b - a +0 robe of willpower
 f - a +1 pair of gloves (worn)
 A - the +4 leather armour of Demons (worn) {Dex+3 Slay+3}
   (You found it on level 6 of the Dungeon)

   Dex:       It affects your dexterity (+3).
   Slay:      It affects your accuracy & damage with ranged weapons and melee
   (+3).
 I - a +2 pair of boots (worn)
Jewellery
 g - an amulet of faith (around neck)
 l - an amulet of the acrobat
 o - the ring of False Pretenses (left hand) {Fly rF+ rCorr}
   (You acquired it on level 2 of the Dungeon)

   [ring of resist corrosion]

   rF:        It protects you from fire.
   Fly:       It grants you flight.
   rCorr:     It protects you from acid and corrosion.
 p - a ring of magical power
 x - a ring of protection from fire
 G - a +4 ring of protection (right hand)
 K - an amulet of guardian spirit
Wands
 q - a wand of flame (65)
 r - a wand of iceblast (23)
 u - a wand of acid (10)
 C - a wand of paralysis (9)
 E - a wand of mindburst (12)
 L - a wand of digging (4)
Scrolls
 h - a scroll of amnesia
 H - 3 scrolls of teleportation
 M - 6 scrolls of identify
Potions
 j - 4 potions of flight
 k - 9 potions of curing
 m - 5 potions of cancellation
 n - 3 potions of mutation
 s - 5 potions of attraction
 t - a potion of ambrosia
 v - 3 potions of magic
 z - a potion of berserk rage
 J - 2 potions of haste


   Skills:
 + Level 13.1 Fighting
 - Level 14.0 Staves
 - Level 1.7 Throwing
 - Level 2.7 Armour
 + Level 10.1 Dodging
 - Level 6.0 Stealth
 + Level 11.5 Spellcasting
 + Level 13.5 Necromancy


You had 35 spell levels left.
You knew the following spells:

 Your Spells              Type           Power      Damage    Failure   Level
a - Necrotise             Necr           100%       1d9       1%          1
b - Vampiric Draining     Necr           39%        2d8       1%          3

Your spell library contained the following spells:

 Spells                   Type           Power      Damage    Failure   Level
 Sublimation of Blood     Necr           39%        N/A       1%          2
 Animate Dead             Necr           39%        N/A       1%          4
 Dispel Undead            Necr           39%        3d16      1%          4
 Agony                    Necr           39%        N/A       1%          5
 Anguish                  Hex/Necr       11%        N/A       8%          4
 Death Channel            Necr           19%        N/A       8%          6
 Foxfire                  Conj/Fire      24%        2x1d5     13%         1
 Slow                     Hex            24%        N/A       13%         1
 Blink                    Tloc           12%        N/A       19%         2
 Ensorcelled Hibernation  Hex/Ice        12%        N/A       19%         2
 Static Discharge         Conj/Air       6%         3-4/arc   19%         2
 Corpse Rot               Necr/Pois/Air  17%        N/A       21%         4
 Borgnjor's Vile Clutch   Necr/Erth      11%        N/A       22%         5
 Confusing Touch          Hex            6%         N/A       36%         3
 Conjure Flame            Conj/Fire      6%         6-21      36%         3
 Inner Flame              Hex/Fire       6%         N/A       36%         3
 Lesser Beckoning         Tloc           6%         N/A       36%         3
 Spider Form              Tmut/Pois      6%         N/A       36%         3
 Simulacrum               Ice/Necr       11%        N/A       75%         6
 Cause Fear               Hex            3%         N/A       77%         4
 Flame Wave               Conj/Fire      6%         2d5       77%         4
 Hailstorm                Conj/Ice       6%         3d4       77%         4
 Ice Form                 Ice/Tmut       6%         N/A       77%         4
 Olgreb's Toxic Radiance  Pois           6%         N/A       77%         4
 Sticky Flame             Conj/Fire      6%         2d3       77%         4
 Manifold Assault         Tloc           6%         N/A       98%         5
 Summon Forest            Summ/Tloc      3%         N/A       98%         5
 Summon Mana Viper        Hex/Summ       6%         N/A       98%         5
 Dispersal                Tloc           3%         N/A       100%        6
 Summon Cactus Giant      Summ           3%         N/A       100%        6
 Ozocubu's Refrigeration  Ice            3%         4d8       100%        7
 Discord                  Hex            3%         N/A       100%        8
 Disjunction              Tloc           3%         N/A       100%        8
 Ignition                 Fire           3%         3d4       100%        8


Dungeon Overview and Level Annotations

Branches:
Dungeon (14/15)            Temple (1/1) D:5            Lair (4/5) D:8
  Swamp (2/4) Lair:3        Snake (1/4) Lair:2          Orc (2/2) D:9
    Elf (0/3) Orc:2        Vaults (0/5) D:13         Bailey (visited)
  IceCv (visited)
  Slime: Lair:4-5

Altars:
Ashenzari
Cheibriados
Dithmenos
Fedhas
Gozag
Hepliaklqana
Kikubaaqudgha
Makhleb
Nemelex Xobeh
Okawaru
Qazlal
Ru
Sif Muna
Trog
Uskayaw
Vehumet
Wu Jian
Xom
Yredelemnul

Shops:
D:11 *(   D:12 *   Orc:2 [([*   Snake:1 *

Portals:
Abyss: D:4

Annotations:
D:3 1 runed translucent door, pigah's ghost, amateur OpAE
D:4 2 transporters, FizzleBangTC's ghost, weakling GnFE
D:10 exclusion: orange crystal statue
D:11 2 runed translucent doors, SkeletonJelly's ghost, journeyman MiFi
D:14 Roxanne
Swamp:1 Frances; Mlioglotl


Innate Abilities, Weirdness & Mutations

You have a pair of large antennae on your head. (SInv)
You are mostly covered in molten scales. (AC +3)
A meltable icy envelope protects you from harm. (AC +4)
You are completely covered in sharp spines.
A meltable shield of frost defends you. (SH +4)
Your flesh is heat resistant. (rF+)
You expend magic power (3 MP) to strengthen your wands.


Message History

A vampire mosquito comes into view. x2
The vampire mosquito bites you but does no damage.
The alligator bites you but does no damage.
The alligator tail-slaps you!
You sock the vampire mosquito!
The vampire mosquito is severely damaged.
The vampire mosquito barely misses you.
The bloated husk explodes!
The blast of putrescent gases engulfs you!!
The blast of putrescent gases engulfs the vampire mosquito!!!
The vampire mosquito is destroyed!
The alligator is struck by your spines. The alligator misses you.
The alligator tail-slaps you!
* * * LOW HITPOINT WARNING * * *
You hear an angry buzzing noise.
Okay, then.
You bludgeon the alligator!!
The alligator is heavily wounded.
The alligator is struck by your spines. The alligator bites you.
* * * LOW HITPOINT WARNING * * *
The alligator closely misses you.
The alligator bites you but does no damage.
The alligator closely misses you.
The vampire mosquito is struck by your spines.
The vampire mosquito closely misses you.
The alligator barely misses you.
The alligator tail-slaps you but does no damage.
As you read the scroll of fear, it crumbles to dust.
You assume a fearsome visage.
The vampire mosquito is unaffected. x2
The bunyip resists with some effort.
The alligator looks frightened!
The vampire mosquito is struck by your spines.
The vampire mosquito misses you.
Unknown command.
You sock the bunyip!
The bunyip is severely wounded.
The bunyip claws you!
* * * LOW HITPOINT WARNING * * *
The bunyip closely misses you. The bunyip claws you!!
You die...
Kikubaaqudgha rasps: "You have failed me!
Welcome... death!"

.....~.~~~~~~~.♣♣
♣.....~.~~~~~~~.♣
♣...~♣♣.~~~~~~~.♣
...♣♣♣♣♣.~~....~t~~.~§.~
.....♣..~~~~~~~~~~~~~~~~.
..~~.....~~~§~~~~~~~~~~~.
.~~~~....~~~~.y~.~~~~~~~.
♣♣♣.~~..~§~~§~~~@x~♣~~~~~..~
♣~~.~§...~.~~..♣♣~..†~~§~...
.~.♣♣♣♣....§~..~♣♣♣y§~~~~...
...♣♣.†..<.~~.♣♣♣ ♣♣....~~..
♣♣♣♣~......♣♣♣♣ ♣...~~~~~
♣.~♣~~§~....♣ ♣♣$~~~~~~
....~~~.~♣~♣♣ .~~~~~~
~♣~..§~.~♣♣♣ {§...~~~§
~~~♣....~♣ .♣.~~~


You could see a bunyip, an alligator (swift, fleeing) and 2 vampire mosquitoes.

Vanquished Creatures
  A tentacled monstrosity (Lair:3)
  An orc warlord (Orc:2)
  A reaper (IceCv)
  Azrael (Orc:2)
  A shambling mangrove (Swamp:1)
  Josephine (D:11)
  4 vault guards (D:13)
  3 boulder beetles (D:14)
  A rakshasa (D:13)
  6 hydras
  2 ghost crabs (Swamp:1)
  An anaconda (Snake:1)
  4 centaur warriors
  A death yak (D:8)
  4 alligators
  3 orc high priests (Orc:2)
  2 tengu warriors
  6 skeletal warriors
  A spriggan druid (Swamp:1)
  3 bog bodies
  2 naga ritualists
  A wizard (D:14)
  A deep elf pyromancer (D:13)
  3 ugly things
  3 mana vipers (Snake:1)
  A lindwurm (Lair:4)
  5 cyclopes
  2 orc sorcerers (Orc:2)
  2 will-o-the-wisps (Swamp:1)
  2 wolf spiders (Lair:2)
  5 slime creatures (D:13)
  2 manticores
  An elephant (D:8)
  Joseph (Lair:1)
  2 naga magi (Snake:1)
  2 ice statues (IceCv)
  13 black mambas
  2 torpor snails
  2 unseen horrors
  9 cane toads
  A kobold demonologist (D:11)
  Maggie (D:6)
  3 tengu conjurers
  2 efreet (D:13)
  7 komodo dragons
  2 anaconda simulacra (IceCv)
  4 rime drakes
  4 ice devils (IceCv)
  7 trolls
  2 tyrant leeches
  12 blink frogs
  4 wraiths (D:11)
  4 wyverns
  51 yaks
  A vampire (D:13)
  2 dire elephant simulacra (IceCv)
  5 basilisks
  3 fire elementals
  A steam dragon (Lair:1)
  20 vampire mosquitoes
  Menkaure (D:4)
  3 harpy simulacra (IceCv)
  2 swamp worms (Swamp:1)
  2 wargs
  6 nagas
  2 acid dragons
  11 water moccasins
  A hell hound (Orc:2)
  3 hydra simulacra (IceCv)
  43 orc warriors
  4 black bears
  A swamp drake (Swamp:1)
  3 ice beasts
  7 ogres
  2 sky beasts
  9 wolves (Lair:3)
  8 centaurs
  A phantom (D:6)
  6 kobold brigands
  9 bullfrogs
  A scorpion (D:3)
  A gnoll sergeant (D:11)
  6 wights
  An elephant simulacrum (IceCv)
  19 killer bees
  3 electric eels
  5 howler monkeys
  7 hounds
  24 orc priests
  A gnoll bouda (D:10)
  5 iguanas
  22 orc wizards
  A polar bear simulacrum (IceCv)
  2 wolf simulacra (IceCv)
  Robin (D:3)
  11 gnolls
  10 adders
  A naga simulacrum (IceCv)
  A white imp (D:7)
  3 ufetubi
  5 worms
  A dart slug (D:1)
  118 orcs
  8 endoplasms
  3 giant cockroaches
  19 goblins
  10 hobgoblins
  2 jackals (D:2)
  51 kobolds
  3 quokkas
  6 ball pythons
  5 bats
  4 frilled lizards
  7 rats
735 creatures vanquished.

Vanquished Creatures (others)
  A bloated husk (Swamp:2)
  A vampire mosquito (Swamp:2)
  An orc warrior (D:14)
  An orc wizard (Orc:1)
  4 orcs
  A kobold (D:10)
  12 foxfires (Swamp:1)
  13 fungi
  63 plants
97 creatures vanquished.

Grand Total: 832 creatures vanquished

Notes
Turn   | Place    | Note
-------+----------+-------------------------------------------
     0 | D:1      | Sweeb the Demonspawn Gladiator began the quest for the Orb.
     0 | D:1      | Reached XP level 1. HP: 16/16 MP: 1/1
    66 | D:1      | Found a faded altar of an unknown god.
    70 | D:1      | Gained mutation: You are partially covered in sharp spines.
                  | [demonic ancestry]
    70 | D:1      | Reached XP level 2. HP: 22/22 MP: 2/2
   151 | D:1      | Reached skill level 3 in Staves
   849 | D:2      | Reached XP level 3. HP: 28/28 MP: 4/4
   918 | D:2      | Reached skill level 1 in Spellcasting
   989 | D:2      | Identified the +5 scale mail of the Orb Guardian {Fly}
  1013 | D:2      | Identified a scroll of acquirement
  1013 | D:2      | Acquired the ring of False Pretenses {Fly rF+ rCorr}
  1656 | D:2      | Reached XP level 4. HP: 26/34 MP: 5/5
  2146 | D:3      | Noticed a scorpion
  2155 | D:3      | Killed a scorpion
  2156 | D:3      | Reached skill level 1 in Armour
  2156 | D:3      | Reached XP level 5. HP: 31/40 MP: 6/6
  2273 | D:3      | Reached skill level 4 in Staves
  2480 | D:3      | Found a runed translucent door.
  2480 | D:3      | Noticed pigah's ghost (amateur OpAE)
  2483 | D:3      | Noticed Robin
  2498 | D:3      | Killed Robin
  2803 | D:4      | Found a transporter.
  2804 | D:4      | Found a one-way gate to the infinite horrors of the Abyss.
  2804 | D:4      | Noticed FizzleBangTC's ghost (weakling GnFE)
  2805 | D:4      | Noticed a small abomination
  3011 | D:4      | Found a transporter.
  3062 | D:4      | Found a snail-covered altar of Cheibriados.
  3218 | D:4      | Gained mutation: You have a pair of small antennae on your
                  | head. [demonic ancestry]
  3218 | D:4      | Reached XP level 6. HP: 42/47 MP: 7/7
  3302 | D:4      | Noticed Menkaure
  3310 | D:4      | Killed Menkaure
  3542 | D:5      | Entered Level 5 of the Dungeon
  3617 | D:5      | Reached skill level 5 in Staves
  3850 | D:5      | Gained mutation: A meltable shield of frost defends you.
                  | (SH +4) [demonic ancestry]
  3850 | D:5      | Reached XP level 7. HP: 53/53 MP: 8/8
  4000 | D:5      | Found a staircase to the Ecumenical Temple.
  4032 | Temple   | Entered the Ecumenical Temple
  4099 | Temple   | Became a worshipper of Kikubaaqudgha
  4178 | D:5      | Learned a level 1 spell: Necrotise
  4374 | D:5      | Reached skill level 1 in Necromancy
  4405 | D:5      | Reached skill level 6 in Staves
  4415 | D:5      | Gained mutation: A meltable icy envelope protects you from
                  | harm. (AC +4) [demonic ancestry]
  4415 | D:5      | Reached XP level 8. HP: 42/61 MP: 9/11
  5173 | D:6      | Reached skill level 5 in Fighting
  5346 | D:6      | Reached * piety under Kikubaaqudgha
  5346 | D:6      | Received a gift from Kikubaaqudgha
  5599 | D:6      | Found a shimmering altar of Xom.
  5642 | D:6      | Reached skill level 7 in Staves
  5825 | D:6      | Identified the +4 leather armour of Demons {Dex+3 Slay+3}
  5886 | D:6      | Noticed Maggie
  5897 | D:6      | Killed Maggie
  5898 | D:6      | Gained mutation: You are partially covered in molten
                  | scales. (AC +2) [demonic ancestry]
  5898 | D:6      | Reached XP level 9. HP: 58/68 MP: 12/14
  6289 | D:7      | Found a flagged portal.
  6304 | Bailey   | Entered a bailey
  6504 | Bailey   | Reached ** piety under Kikubaaqudgha
  6873 | Bailey   | Reached skill level 8 in Staves
  7151 | Bailey   | Identified the +2 tower shield "Uwka" {Int+5}
  7741 | D:7      | Reached skill level 5 in Necromancy
  7914 | D:7      | Noticed a kobold demonologist
  8380 | D:8      | Gained mutation: You have a pair of antennae on your head.
                  | [demonic ancestry]
  8380 | D:8      | Reached XP level 10. HP: 60/77 MP: 17/17
  8519 | D:8      | Reached skill level 9 in Staves
  8538 | D:8      | Reached skill level 5 in Spellcasting
  8552 | D:8      | Reached *** piety under Kikubaaqudgha
  8552 | D:8      | Received a gift from Kikubaaqudgha
  8847 | D:8      | Found a staircase to the Lair.
  8848 | D:8      | Noticed an elephant
  8864 | D:8      | Killed an elephant
  9187 | D:8      | Noticed a death yak
  9941 | D:9      | Learned a level 3 spell: Vampiric Draining
 10067 | D:9      | Found a staircase to the Orcish Mines.
 10473 | D:10     | Entered Level 10 of the Dungeon
 10482 | D:10     | Found an ornate altar of the Wu Jian Council.
 10570 | D:10     | Reached **** piety under Kikubaaqudgha
 10571 | D:10     | Reached skill level 10 in Staves
 10882 | D:10     | Noticed an orange crystal statue
 12143 | D:10     | Gained mutation: You are mostly covered in sharp spines.
                  | [demonic ancestry]
 12143 | D:10     | Reached XP level 11. HP: 43/86 MP: 20/20
 12387 | D:11     | Found Siapen's Assorted Antiques.
 12482 | D:11     | Found Cegy's Antique Weapon Shop.
 12891 | D:11     | Noticed Josephine
 12992 | D:11     | Noticed a red ugly thing
 13021 | D:10     | Killed a red ugly thing
 13230 | Orc:1    | Entered Level 1 of the Orcish Mines
 13238 | Orc:1    | Reached ***** piety under Kikubaaqudgha
 14346 | Orc:1    | Reached skill level 11 in Staves
 15204 | Orc:2    | Entered Level 2 of the Orcish Mines
 15204 | Orc:2    | Found a staircase to the Elven Halls.
 15217 | Orc:2    | Noticed Azrael
 15387 | Lair:1   | Entered Level 1 of the Lair of Beasts
 15408 | Lair:1   | Noticed Joseph
 15422 | Lair:1   | Killed Joseph
 16608 | Lair:1   | Found the +8 trident of the Octopus King {venom, rElec
                  | rPois}
 17105 | Lair:1   | Reached XP level 12. HP: 70/95 MP: 23/23
 17862 | Lair:2   | Reached skill level 12 in Staves
 18395 | Lair:2   | Found a staircase to the Snake Pit.
 19812 | Lair:3   | Noticed a six-headed hydra
 19865 | Lair:3   | Identified the +1 quarterstaff "Impslayer" {flame, rPois
                  | Str-2 Dex+3}
 19876 | Lair:3   | Found a staircase to the Swamp.
 20558 | Lair:3   | Reached skill level 10 in Fighting
 20609 | Lair:3   | Reached skill level 10 in Necromancy
 20717 | Lair:3   | Reached skill level 13 in Staves
 20920 | Lair:3   | Reached ****** piety under Kikubaaqudgha
 21105 | Lair:3   | Reached XP level 13. HP: 35/103 MP: 25/25
 22968 | Lair:4   | Found a frozen archway.
 22977 | IceCv    | Entered an ice cave
 23837 | IceCv    | Noticed a reaper
 23848 | IceCv    | Killed a reaper
 24398 | IceCv    | Reached skill level 14 in Staves
 25033 | Lair:4   | Found a shimmering blue altar of Sif Muna.
 25467 | Orc:2    | Reached skill level 1 in Stealth
 25678 | Orc:2    | Found Qufokk's Antique Armour Emporium.
 25903 | Orc:2    | Killed Azrael
 26502 | Orc:2    | Noticed an orc warlord
 26523 | Orc:2    | Gained mutation: You expend magic power (3 MP) to
                  | strengthen your wands. [potion of mutation]
 26523 | Orc:2    | Gained mutation: Your flesh is heat resistant. (rF+)
                  | [potion of mutation]
 26595 | Orc:2    | Killed an orc warlord
 26596 | Orc:2    | Reached skill level 5 in Dodging
 26851 | Orc:2    | Paralysed by an orc sorcerer for 3 turns
 27484 | Orc:2    | Found Inabuase's Antique Armour Shop.
 27488 | Orc:2    | Found Pannuemo's Antique Weapon Boutique.
 27750 | Orc:2    | Found Tulask's General Store.
 27757 | Orc:2    | Bought a scroll of identify for 32 gold pieces
 27758 | Orc:2    | Bought a scroll of magic mapping for 120 gold pieces
 28149 | D:11     | Killed Josephine
 28150 | D:11     | Gained mutation: You have a pair of large antennae on your
                  | head. (SInv) [demonic ancestry]
 28150 | D:11     | Reached XP level 14. HP: 57/111 MP: 27/27
 28417 | D:11     | Found a runed translucent door.
 28428 | D:11     | Noticed a fire giant
 28428 | D:11     | Noticed a lich
 28430 | D:11     | Found a runed translucent door.
 28431 | D:11     | Noticed SkeletonJelly's ghost (journeyman MiFi)
 28580 | D:11     | Identified the +9 hand axe of Dismemberment {vorpal, rPois
                  | Dex+3}
 28728 | D:12     | Found Opargh's Assorted Antiques.
 28853 | D:12     | Found an opulent altar of Gozag.
 28861 | D:11     | Bought a crystal quarterstaff for 216 gold pieces
 28861 | D:11     | Identified the +10 quarterstaff of Terra Nullius {vorpal,
                  | +Blink rC+++ Int-4 Dex+6} (You bought it in a shop on level
                  | 11 of the Dungeon)
 29415 | D:12     | Reached skill level 10 in Spellcasting
 29879 | D:12     | Gained mutation: You are completely covered in sharp
                  | spines. [demonic ancestry]
 29879 | D:12     | Reached XP level 15. HP: 119/119 MP: 29/29
 30329 | Swamp:1  | Entered Level 1 of the Swamp
 30329 | Swamp:1  | Noticed a tentacled monstrosity
 30389 | Snake:1  | Entered Level 1 of the Snake Pit
 30920 | Snake:1  | Reached skill level 5 in Stealth
 30920 | Snake:1  | Reached XP level 16. HP: 112/127 MP: 30/30
 31708 | D:12     | Bought a potion of mutation for 280 gold pieces
 32309 | D:13     | Found a gate to the Vaults.
 33310 | D:14     | Noticed Roxanne
 34726 | D:14     | Found an iron altar of Okawaru.
 35153 | D:14     | Upgraded the game from 0.29-a0-1052-g6990b1bffc to
                  | 0.30-a0-2-gf48d83f5e2
 35717 | Snake:1  | Found Kastu's Assorted Antiques.
 35732 | Snake:1  | Bought a dented zirconium amulet for 195 gold pieces
 36072 | Lair:3   | Killed a tentacled monstrosity
 36073 | Lair:3   | HP: 4/129 [eight-headed hydra (10)]
 36646 | Swamp:1  | Upgraded the game from 0.30-a0-2-gf48d83f5e2 to
                  | 0.30-a0-4-ga7cffc901d
 36916 | Swamp:1  | Reached skill level 10 in Dodging
 37377 | Swamp:1  | Noticed Mlioglotl
 37381 | Swamp:1  | Noticed Frances
 37508 | Swamp:2  | Gained mutation: You are mostly covered in molten scales.
                  | (AC +3) [demonic ancestry]
 37508 | Swamp:2  | Reached XP level 17. HP: 131/136 MP: 32/32
 37557 | Swamp:2  | Slain by a bunyip

Illustrated notes

Levels and vault maps discovered:
D:1:      tarquinn_simple_flora_water_b, layout_basic, basic_ecumenical_altar,
          serial_forest, infiniplex_forest_end_1, infiniplex_forest_straight_2,
          infiniplex_forest_lined_corner, infiniplex_forest_straight_3,
          infiniplex_forest_lined_room_2
D:2:      layout_basic, basic_altar, cheibrodos_gnoll_hut
D:3:      layout_basic, gammafunk_ghost_grave, uniq_robin
D:4:      layout_gridville, cheibrodos_worm_habitat,
          gammafunk_ghost_abyssal_escape, uniq_menkaure
D:5:      layout_gridville, minmay_temple_entry_glass
D:6:      kennysheep_kobold_camp, layout_gridville,
          mainiacjoe_overflow_catch_the_wave, uniq_maggie
D:7:      layout_basic, enter_bailey_2, lightli_corner_chamber
D:8:      layout_basic, david_lair_generic
D:9:      layout_basic, david_orc_2
D:10:     layout_basic, general_overflow_altar, minmay_statue_bubble
D:11:     layout_gridville, muffindrake_ghost_dual_entry, serial_shops,
          shop_fountains, nicolae_take_the_stairs,
          pdpol_wu_jian_five_deadly_venoms, uniq_josephine
D:12:     layout_stronghold, serial_shops, nicolae_shop_hallway_stairs,
          chequers_big_river, nicolae_gozag_cash_rules_everything_around_me
D:13:     layout_cave_pools, lightli_vaults_fourway_checkpoint
D:14:     layout_roguey [special_room_orc], nicolae_twisting_strands,
          kennysheep_okawaru_gauntlet, uniq_roxanne
Temple:   hc_temple_tempest_star
Lair:1:   layout_loops_ring, infiniplex_staircase_pool_2, grunt_megastairs_2,
          uniq_joseph
Lair:2:   layout_roguey, minmay_snake_entry_guardpost_small,
          chequers_serial_rivers_micro_d, chequers_serial_rivers_room_a,
          patterned_corridor, grunt_megastairs_5
Lair:3:   layout_big_grid, skrybe_swamp_entry_bodies, st_stairs_8,
          nicolae_lair_run_with_the_wolves, grunt_megastairs_4
Lair:4:   layout_cellular_growth, portal_ice_cave_entry_pillars_1,
          chequers_serial_rivers_room_a, lemuel_centaur_altar,
          infiniplex_staircase_pool
Swamp:1:  layout_basic_swamp, evilmike_swamp_ruin_rubble_2, uniq_mlioglotl,
          uniq_frances
Swamp:2:  layout_basic_swamp, nicolae_swamp_round_clearing
Snake:1:  layout_basic, serial_shops, nicolae_diamond_shop, grunt_ministairs_9
Orc:1:    layout_diamond_mine, guppyfry_library_mini
Orc:2:    grunt_orc_community_town_hall, layout_caves,
          grunt_orc_community_big_house_2, grunt_orc_community_big_house_1,
          grunt_orc_community_house_1, grunt_orc_community_house_2,
          grunt_orc_community_house_3, grunt_orc_community_house_2,
          grunt_orc_community_house_2, uniq_azrael

Skill      XL: |  1  2  3  4  5  6  7  8  9 10 11 12 13 14 15 16 |
---------------+-------------------------------------------------+-----
Staves         | 3 4 5 6 7 8 10 11 13 14 | 14.0
Dodging        | 3 4 5 8 10 | 10.1
Spellcasting   | 1 2 3 4 6 7 8 9 10 11 | 11.5
Armour         | 1 2 |  2.7
Fighting       | 3 4 5 6 7 9 10 11 12 13 | 13.1
Necromancy     | 1 3 5 7 8 10 11 12 13 | 13.5
Stealth        | 3 5 6 |  6.0
Throwing       | |  1.7

Action                   |  1- 3 |  4- 6 |  7- 9 | 10-12 | 13-15 | 16-18 || total
-------------------------+-------+-------+-------+-------+-------+-------++-------
Melee: Quarterstaff      |    64 |   134 |   340 |   850 |   687 |   432 ||  2507
Throw: Throwing net      |       |       |       |       |     1 |       ||     1
 Cast: Vampiric Draining |       |       |       |     7 |       |       ||     7
       Necrotise         |       |       |       |     1 |       |       ||     1
Invok: Torment           |       |       |       |     1 |       |       ||     1
Evoke: Wand              |       |       |       |     4 |     6 |     2 ||    12
  Use: Scroll            |     4 |     7 |     2 |    10 |    11 |     4 ||    38
       Potion            |       |     3 |     8 |     2 |    11 |     1 ||    25
 Stab: Sleeping          |     1 |       |     2 |       |     4 |     4 ||    11
       Distracted        |       |       |       |     1 |     4 |     2 ||     7
       Held in net/web   |       |       |       |       |     1 |       ||     1
       Invisible         |       |       |       |       |       |    12 ||    12
Armor: Leather armour    |    13 |       |    43 |   225 |   205 |   134 ||   620
       Scale mail        |     5 |    71 |    71 |       |       |       ||   147
Dodge: Dodged            |    45 |    75 |   190 |   446 |   278 |   279 ||  1313
Block: Other             |       |       |    46 |   110 |    78 |    63 ||   297

Table legend: (Time is in decaauts)
 A = Elapsed time spent in this place.
 B = Non-inter-level travel time spent in this place.
 C = Inter-level travel time spent in this place.
 D = Time resting spent in this place.
 E = Time spent auto-exploring this place.
 F = Levels seen in this place.
 G = Mean time per level.
                   A        B        C        D        E       F      G
               +--------+--------+--------+--------+--------+-----+--------+
         Total |  36986 |  34676 |   2310 |  13942 |  14298 |  26 | 1422.5 |
       Dungeon |  18534 |  16929 |   1605 |   4554 |   9327 |  14 | 1323.9 |
        Temple |    142 |    123 |     19 |      0 |    109 |   1 |  142.0 |
          Lair |   9469 |   8938 |    531 |   4271 |   3469 |   4 | 2367.2 |
         Swamp |    928 |    928 |      0 |    497 |    211 |   2 |  464.0 |
     Snake Pit |    704 |    702 |      2 |    346 |    121 |   1 |  704.0 |
  Orcish Mines |   4294 |   4143 |    151 |   2153 |    937 |   2 | 2147.0 |
        Bailey |   1365 |   1365 |      0 |    940 |     77 |   1 | 1365.0 |
      Ice Cave |   1546 |   1546 |      0 |   1180 |     46 |   1 | 1546.0 |
               +--------+--------+--------+--------+--------+-----+--------+

Top non-repeatable levels by time:
  Lair:2: 4333 daAuts
   Orc:2: 2561 daAuts
  Lair:1: 2261 daAuts
    D:10: 2139 daAuts
     D:9: 1831 daAuts
    D:14: 1796 daAuts
   Orc:1: 1733 daAuts
  Lair:3: 1629 daAuts
   IceCv: 1546 daAuts
     D:6: 1523 daAuts
    D:13: 1501 daAuts
     D:8: 1453 daAuts
    D:12: 1444 daAuts
  Bailey: 1365 daAuts
    D:11: 1277 daAuts
